 Dungeon Crawl Stone Soup version 0.30-a0-777-ga9a30cbeda (webtiles) character file.

Game seed: 15129684355971279299

2400038 Flugslaktarn the Invulnerable (level 22, 233/233 HPs)
             Began as a Minotaur Fighter on Feb 13, 2023.
             Was a High Priest of Okawaru.
             Escaped with the Orb
             ... and 3 runes!
             The game lasted 00:27:44 (32630 turns).

Flugslaktarn the Invulnerable (Minotaur Fighter)   Turns: 32630, Time: 00:27:45

Health: 233/233    AC: 47    Str: 27    XL:     22   Next: 24%
Magic:  30/30      EV: 21    Int:  4    God:    Okawaru [*****.]
Gold:   2400       SH: 22    Dex: 21    Spells: 21/21 levels left

rFire   + + .      SeeInvis .    Q - +9 broad axe (vamp)
rCold   + + .      Faith    .    F - +5 kite shield "Imaref" {rF+ rC+}
rNeg    . . .      Spirit   .    P - +4 gold dragon scales
rPois   +          Reflect  .    A - +2 hat {Will+}
rElec   .          Harm     .    E - +0 cloak
rCorr   .          Rampage  .    M - +2 pair of gloves {Dex+3}
Will    +++..      Clarity  +    j - +0 pair of boots of Hadjma {+Blink rPois Will+ Int+4} Stlth
                                 K - amulet of Vitality {RegenMP++ Regen++}
HPRegen 2.18/turn                p - +4 ring of protection
MPRegen 1.02/turn                v - +5 ring of evasion

@: heroic
A: horns 2, retaliatory headbutt, iridescent scales 1, agile 1, clarity, dopey
2, subdued magic 1
0: Orb of Zot
}: 3/15 runes: barnacled, silver, gossamer
a: Renounce Religion, Evoke Blink, Heroism, Finesse, Duel


You escaped.
You worshipped Okawaru.
Okawaru was extremely pleased with you.
You visited 9 branches of the dungeon, and saw 45 of its levels.
You visited 1 bazaar.

You collected 4357 gold pieces.
You spent 1957 gold pieces at shops.

Inventory:

Hand Weapons
 Q - a +9 vampiric broad axe (weapon)
   (You bought it in a shop on level 2 of the Orcish Mines)
Armour
 j - the +0 pair of boots of Hadjma (worn) {+Blink rPois Will+ Int+4}
   (Okawaru gifted it to you on level 3 of the Spider Nest)

   Int:       It affects your intelligence (+4).
   rPois:     It protects you from poison.
   +Blink:    It lets you blink.
   Will:      It increases your willpower.
 A - a +2 hat of willpower (worn)
   (You took it off Gastronok on level 12 of the Dungeon)
 E - a +0 cloak (worn)
   (You found it on level 8 of the Dungeon)
 F - the +5 kite shield "Imaref" (worn) {rF+ rC+}
   (Okawaru gifted it to you on level 13 of the Dungeon)

   rF:        It protects you from fire.
   rC:        It protects you from cold.
 M - a +2 pair of gloves of dexterity (worn)
   (Okawaru gifted it to you on level 4 of the Vaults)
 P - +4 gold dragon scales (worn)
   (You found it on level 5 of the Vaults)
Jewellery
 c - the ring "Ezegean" {rF+ Int+2 Dex+3}
   (You took it off a vault warden on level 5 of the Vaults)

   [ring of protection from fire]

   Int:       It affects your intelligence (+2).
   Dex:       It affects your dexterity (+3).
   rF:        It protects you from fire.
 i - a ring of see invisible
   (You took it off a vault sentinel on level 5 of the Vaults)
 m - a ring of willpower
   (You found it on level 3 of the Dungeon)
 p - a +4 ring of protection (left hand)
   (You found it on level 3 of the Dungeon)
 v - a +5 ring of evasion (right hand)
   (You bought it in a shop in a bazaar)
 K - the amulet of Vitality (around neck) {RegenMP++ Regen++}
   (You found it on level 4 of the Lair of Beasts)

   [amulet of magic regeneration]

   It increases your rate of magic regeneration.
   Regen:     It increases your rate of health regeneration.
Wands
 g - a wand of digging (6)
   (You found it on level 2 of the Vaults)
 L - a wand of roots (5)
   (You found it on level 4 of the Lair of Beasts)
 N - a wand of quicksilver (6)
   (You found it on level 12 of the Dungeon)
Scrolls
 a - 7 scrolls of silence
 f - 7 scrolls of fog
 l - 3 scrolls of magic mapping
 r - 14 scrolls of identify
 t - 5 scrolls of teleportation
 x - 7 scrolls of immolation
 C - 5 scrolls of vulnerability
 O - 3 scrolls of fear
Potions
 b - 2 potions of attraction
 d - a potion of might
 e - 7 potions of lignification
 h - 5 potions of haste
 k - 8 potions of ambrosia
 n - 3 potions of resistance
 o - 3 potions of invisibility
 q - 2 potions of curing
 w - 4 potions of heal wounds
 B - 5 potions of flight
 D - 2 potions of cancellation
 H - 2 potions of magic
Miscellaneous
 y - a piece from Xom's chessboard (15/15)
   (You found it on level 5 of the Vaults)


   Skills:
 O Level 27 Fighting
 - Level 18.0(23.0) Axes
 O Level 27 Armour
 - Level 11.0(16.0) Dodging
 - Level 15.0(20.0) Shields
 + Level 12.6 Invocations
 - Level 6.0 Evocations


You had 21 spell levels left.
You didn't know any spells.
Your spell library was empty.

Dungeon Overview and Level Annotations

Branches:
Dungeon (15/15)            Temple (1/1) D:6            Lair (5/5) D:9
 Shoals (4/4) Lair:3       Spider (4/4) Lair:3        Slime (0/5) Lair:5
    Orc (2/2) D:12            Elf (0/3) Orc:2        Vaults (5/5) D:13
 Depths (4/4) D:15            Zot (5/5) Depths:4
  Crypt: Vaults:2-3

Altars:
Ashenzari
Cheibriados
Dithmenos
Elyvilon
Fedhas
Gozag
Hepliaklqana
Kikubaaqudgha
Makhleb
Nemelex Xobeh
Okawaru
Qazlal
Ru
Sif Muna
Trog
Uskayaw
Vehumet
Wu Jian
Xom
Yredelemnul
Zin
The Shining One
Jiyva

Shops:
D:1 ?   D:5 :   D:12 =   Orc:2 **([(   Vaults:3 ((   Depths:1 ((

Portals:
Hell: Lair:5 Depths:4
Abyss: Depths:3
Pandemonium: Depths:1
Ziggurat: Depths:2

Annotations:
D:10 2 transporters, exclusion: ice statue, Chingon's ghost, journeyman DsMo
D:13 1 runed translucent door, Stoves66's ghost, journeyman MiBe
Spider:4 1 runed translucent door, Stoves66's ghost, adept MiBe
Zot:5 exclusion: obsidian statue


Innate Abilities, Weirdness & Mutations

You have a pair of horns on your head.
You reflexively headbutt those who attack you in melee.
You are partially covered in iridescent scales. (AC +2)
You are agile. (Dex +4, Str/Int -1)
You possess an exceptional clarity of mind.
You are very dopey. (Int -4)
Your spells are a little easier to cast, but a little less powerful.


Message History

There is an open door here.
There is an open door here.
There is an open door here.
There is a stone staircase leading up here.
You climb upwards.
There is a stone staircase leading down here.
There is a stone staircase leading up here.
You climb upwards.
There is a stone staircase leading down here.
An Orb Guardian comes into view.
Unknown command.
You block the Orb Guardian's attack.
The Orb Guardian attacks as you move away!
You block the Orb Guardian's attack.
There is a stone staircase leading up here.
The Orb Guardian misses you.
The Orb Guardian hits you but does no damage.
You climb upwards.
There is a stone staircase leading down here.
You slice the Orb Guardian!!
The Orb Guardian is moderately wounded.
You block the Orb Guardian's attack.
You slice the Orb Guardian!!
You headbutt the Orb Guardian, but do no damage.
The Orb Guardian is severely wounded.
You block the Orb Guardian's attack.
You slice the Orb Guardian!!
You kill the Orb Guardian!
Okawaru accepts your kill.
No target in view!
No target in view!
No target in view!
No target in view!
No target in view!
No target in view!
No target in view!
No target in view!
(D) Dungeon (T) Temple (L) Lair (A) Shoals (N) Spider Nest (M) Slime Pits (O) Orcish Mines (E) Elven Halls (V) Vaults (U) Depths (H) Hell (Z) Zot
Where to? (Enter - D:1 @ (x,y), ? - help)
There is an open door here.
There is a stone staircase leading up here.
You climb upwards.
There is a stone staircase leading down here.
There is a stone staircase leading up here.
You climb upwards.
There is a stone staircase leading down here.
A blizzard demon comes into view.
You gain the combat prowess of a mighty hero.
The blizzard demon gestures at you. The freezing blast misses you.
No reachable target in view!
You are engulfed in freezing vapours.
You resist.
The blizzard demon waves its arms in wide circles.
The air twists around and strikes you!
You slash the blizzard demon! You headbutt the blizzard demon!
The blizzard demon is moderately wounded.
You slice the blizzard demon!!
You headbutt the blizzard demon, but do no damage.
The blizzard demon is almost dead.
The blizzard demon completely misses you.
You block the blizzard demon's attack.
You barely miss the blizzard demon.
The blizzard demon is almost dead.
The blizzard demon gestures at you.
The freezing blast engulfs you but does no damage.
You slice the blizzard demon!!
You kill the blizzard demon!
Okawaru accepts your kill.
You are engulfed in freezing vapours.
You resist.
You are engulfed in freezing vapours.
You resist.
No target in view!
(D) Dungeon (T) Temple (L) Lair (A) Shoals (N) Spider Nest (M) Slime Pits (O) Orcish Mines (E) Elven Halls (V) Vaults (U) Depths (H) Hell (Z) Zot
Where to? (Enter - D:1 @ (x,y), ? - help)
Okay, then.
You are engulfed in freezing vapours.
You resist.
(D) Dungeon (T) Temple (L) Lair (A) Shoals (N) Spider Nest (M) Slime Pits (O) Orcish Mines (E) Elven Halls (V) Vaults (U) Depths (H) Hell (Z) Zot
Where to? (Enter - D:1 @ (x,y), ? - help)
A hell beast comes into view.
There is a stone staircase leading up here.
You climb upwards.
There is a stone staircase leading down here.
(D) Dungeon (T) Temple (L) Lair (A) Shoals (N) Spider Nest (M) Slime Pits (O) Orcish Mines (E) Elven Halls (V) Vaults (U) Depths (H) Hell (Z) Zot
Where to? (Enter - D:1 @ (x,y), ? - help)
There is a stone staircase leading up here.
You climb upwards.
There is a stone staircase leading down here.
There is a stone staircase leading up here.
You climb upwards.
There is a stone staircase leading down here.
There is an open door here.
There is a staircase leading out of the dungeon here.
You have escaped!

#### #.......##........#
#..##### #...>...##........#
#......# #.................#
##.#....#####'#####...........
#.†#>...#.........##.........#
#..#....#.........###.##...###
#..#....#..⌠...⌠..# #.##.....#
##..####.#.........###.###.##.#
#...# #.+....@....+...# #.##..
#...# #.#.........###.# #.####
#.### #.#..⌠...⌠..# #.# #.# ##
#.# #.#.........# #.# #.# #.
###.# #.#.........# #.# #>###.
#...# #.#####+#######.# #.#...
#.#.# #.......#.....#.# #.#.##
)...# ##..............# #.#.#
##.## #...............# #...#


There were no monsters in sight!

Vanquished Creatures
  A seraph (D:11)
  2 ancient liches (Vaults:5)
  2 orbs of fire
  Sojobo (Vaults:5)
  Vv (Depths:2)
  Xtahua (Vaults:5)
  A curse toe (Zot:4)
  5 golden dragons
  An electric golem (Zot:3)
  Arachne (Spider:2)
  2 Ice Fiends
  14 tentacled monstrosities
  7 Orb Guardians
  2 liches
  3 titans
  Mlioglotl (Spider:3)
  A quicksilver dragon (Zot:3)
  Gastronok (D:12)
  3 death cobs
  2 sphinxes (Vaults:5)
  Kirke (Spider:3)
  4 tengu reavers (Vaults:5)
  10 storm dragons
  7 shadow dragons
  6 frost giants
  10 draconian monks
  4 fire giants
  3 deep elf sorcerers (Vaults:5)
  2 iron dragons (Vaults:5)
  10 emperor scorpions
  A draconian knight (Zot:2)
  11 vault wardens
  4 angels
  3 draconian scorchers
  A draconian stormcaller (Zot:3)
  4 ghost moths
  2 orc warlords
  2 draconian shifters
  Louise (D:15)
  2 ironbound thunderhulks
  A caustic shrike skeleton (Depths:2)
  2 draconian annihilators
  11 ironbound preservers
  A broodmother (shapeshifter) (Vaults:5)
  A spriggan defender (Depths:4)
  2 broodmothers (Spider:4)
  A war gargoyle (Vaults:4)
  17 very ugly things
  13 stone giants
  Azrael (D:15)
  7 green draconians
  2 deep elf demonologists (Vaults:5)
  8 black draconians
  11 spark wasps
  A deep elf annihilator (Vaults:5)
  7 red draconians
  12 white draconians
  12 purple draconians
  8 yellow draconians
  5 merfolk impalers
  13 dire elephants
  A green death (Zot:3)
  A deep elf death mage (Vaults:5)
  2 merfolk javelineers
  4 ettins
  4 fire dragons
  A blizzard demon (D:4)
  A crystal guardian (Vaults:4)
  2 great orbs of eyes
  Josephine (D:15)
  16 yaktaur captains
  A deep elf high priest (Vaults:5)
  2 entropy weavers
  5 rakshasas
  Erolcha (D:12)
  2 hell beasts
  6 hydras
  26 vault guards (Vaults:5)
  A peacekeeper (Vaults:4)
  A spriggan air mage (Depths:1)
  A merfolk aquamancer (Shoals:4)
  A jorogumo (Spider:3)
  4 boulder beetles
  3 ice dragons
  A radroach (Spider:3)
  An ironbound frostheart (Vaults:3)
  A spriggan skeleton (Depths:2)
  7 centaur warriors
  An alligator snapping turtle (Shoals:4)
  6 two-headed ogres
  An ogre mage (Vaults:5)
  A dancing weapon (Vaults:5)
  Urug (Lair:3)
  2 tengu warriors
  7 death yaks (Lair:5)
  A deep troll earth mage (Depths:3)
  5 orc high priests (Orc:2)
  Sonja (D:13)
  2 spriggan berserkers
  5 hell knights (Depths:2)
  2 iron trolls (Depths:3)
  A shadow wraith (Vaults:5)
  3 skysharks
  A death drake (Depths:4)
  3 glowing orange brains
  6 pharaoh ants
  33 deep trolls
  A skyshark (shapeshifter) (Vaults:5)
  A sun moth (Spider:3)
  A golden dragon zombie (Depths:1)
  3 sea snakes
  14 orb spiders
  A cherub (D:11)
  5 phantasmal warriors (Vaults:5)
  A kraken simulacrum (Shoals:4)
  5 orc knights
  2 lindwurms (Vaults:4)
  7 necromancers
  3 wolf spider zombies (Spider:1)
  2 spectral wolf spiders (Spider:1)
  A wizard (Lair:5)
  2 harpies (Vaults:1)
  11 steelbarb worms
  5 deep elf pyromancers
  35 ugly things
  10 ironbound convokers
  25 wolf spiders
  A frost giant zombie (Depths:1)
  4 orc sorcerers
  5 cyclopes
  A shining eye (shapeshifter) (Depths:1)
  A faun (shapeshifter) (D:15)
  3 manticores
  A rust devil (Depths:1)
  A faun (Shoals:1)
  7 vault sentinels
  10 elephants
  17 moths of wrath
  3 merfolk sirens
  A smoke demon (Lair:5)
  A frost giant skeleton (Depths:1)
  A torpor snail (shapeshifter) (Vaults:5)
  A stone giant skeleton (Depths:2)
  An unseen horror (D:11)
  13 demonic crawlers
  A torpor snail (Lair:5)
  6 orange demons
  9 cane toads
  A kobold demonologist (D:10)
  2 gargoyles (D:11)
  2 freezing wraiths (Vaults:5)
  6 rime drakes
  25 yaktaurs
  2 efreet (D:14)
  4 komodo dragons
  8 tengu conjurers
  An ice devil (Lair:5)
  10 trolls
  6 merfolk
  A meliai (shapeshifter) (D:13)
  A queen bee (D:11)
  A red devil (Zot:3)
  5 wolf spider simulacra (Spider:1)
  3 hornets
  Grinder (D:3)
  29 tarantellas
  2 dream sheep (Shoals:1)
  2 snapping turtles (Shoals:2)
  7 blink frogs
  38 jumping spiders
  24 slime creatures
  23 culicivoras
  A spriggan (Depths:4)
  3 shadows
  8 basilisks
  A hog (shapeshifter) (D:13)
  8 wraiths
  2 water elementals
  4 fire elementals (D:15)
  3 hogs (Spider:3)
  2 wyverns
  A steam dragon (Lair:3)
  21 yaks
  81 redbacks
  6 vampire mosquitoes
  2 large abominations
  A neqoxec (Depths:1)
  4 wargs (Orc:2)
  Menkaure (D:6)
  A glowing shapeshifter zombie (Depths:2)
  2 acid dragons
  2 meliai simulacra
  Duvessa (D:4)
  4 hell hounds
  10 water moccasins
  A swamp drake (shapeshifter) (Vaults:5)
  2 ice beasts
  22 orc warriors
  2 black bears
  An ettin simulacrum (Depths:1)
  4 ogres
  14 wolves
  6 centaurs
  A kobold brigand (D:10)
  2 phantoms (D:6)
  13 bullfrogs
  3 gnoll sergeants
  31 scorpions (Spider:3)
  7 wights
  Dowan (D:4)
  23 killer bees
  An electric eel (D:7)
  4 howler monkeys
  A quasit (D:4)
  14 orc priests
  5 hounds
  A gnoll bouda (D:9)
  Jessica (D:3)
  An iguana (D:5)
  11 orc wizards
  Robin (D:3)
  14 gnolls
  9 adders
  2 shadow imps (D:4)
  3 white imps
  4 ufetubi
  3 dart slugs
  53 orcs
  8 bats
  9 endoplasms
  3 giant cockroaches
  8 hobgoblins
  6 jackals
  14 kobolds
  5 quokkas
  4 ball pythons
  2 frilled lizards (D:1)
  9 goblins
  6 rats
  A tentacle (Shoals:4)
1387 creatures vanquished.

Vanquished Creatures (others)
  A tengu reaver (Vaults:5)
  A fire giant (Depths:3)
  A draconian annihilator (Depths:4)
  A sun moth (Spider:4)
  A harpy (Vaults:1)
  A wolf spider (Spider:3)
  A jumping spider (Spider:2)
  3 yaks (D:8)
  A gnoll sergeant (D:8)
  An orc wizard (D:8)
  A demonic plant (D:4)
  17 fungi
  23 plants
  2 tentacles (Shoals:4)
  2 withered plants (Spider:4)
57 creatures vanquished.

Grand Total: 1444 creatures vanquished

Notes
Turn   | Place    | Note
-------+----------+-------------------------------------------
     0 | D:1      | Flugslaktarn the Minotaur Fighter began the quest for the
                  | Orb.
     0 | D:1      | Reached XP level 1. HP: 19/19 MP: 0/0
    79 | D:1      | Reached XP level 2. HP: 27/27 MP: 1/1
   197 | D:1      | Found Boyfiyfu's Magic Scroll Emporium.
   219 | D:1      | Reached XP level 3. HP: 33/33 MP: 2/2
   576 | D:2      | Found a stormy altar of Qazlal.
   612 | D:2      | Reached XP level 4. HP: 34/40 MP: 3/3
  1263 | D:3      | Found a shadowy altar of Dithmenos.
  1330 | D:3      | Noticed Jessica
  1337 | D:3      | Killed Jessica
  1337 | D:3      | Noticed Robin
  1338 | D:3      | Reached XP level 5. HP: 45/47 MP: 4/4
  1358 | D:3      | Killed Robin
  1457 | D:3      | Reached skill level 5 in Axes
  1531 | D:3      | Noticed Grinder
  1535 | D:3      | Paralysed by Grinder for 2 turns
  1540 | D:3      | Killed Grinder
  1541 | D:3      | Reached skill level 5 in Fighting
  1541 | D:3      | Reached skill level 5 in Armour
  1541 | D:3      | Reached XP level 6. HP: 33/56 MP: 5/5
  1972 | D:3      | Found an ornate altar of the Wu Jian Council.
  2319 | D:4      | Found a sacrificial altar of Ru.
  2334 | D:4      | Noticed Dowan
  2335 | D:4      | Noticed Duvessa
  2341 | D:4      | Killed Duvessa
  2342 | D:4      | Reached XP level 7. HP: 62/62 MP: 6/6
  2352 | D:4      | Killed Dowan
  2818 | D:5      | Entered Level 5 of the Dungeon
  3020 | D:5      | Identified the +1 leather armour of the Guava {Harm Rampage
                  | *Slow}
  3269 | D:5      | Found an ancient bone altar of Kikubaaqudgha.
  3362 | D:5      | Found Ruvuegh's Book Shop.
  3483 | D:6      | Noticed Menkaure
  3491 | D:6      | Killed Menkaure
  3637 | D:6      | Reached XP level 8. HP: 50/71 MP: 7/7
  3843 | D:6      | Found a staircase to the Ecumenical Temple.
  3850 | Temple   | Entered the Ecumenical Temple
  4068 | Temple   | Became a worshipper of Warmaster Okawaru
  4288 | D:6      | Reached skill level 1 in Invocations
  4553 | D:6      | Gained mutation: Armour fits poorly on your strangely
                  | shaped body. [potion of mutation]
  4553 | D:6      | Gained mutation: You have very sharp teeth. [potion of
                  | mutation]
  4654 | D:6      | Lost mutation: Armour fits poorly on your strangely shaped
                  | body. [potion of mutation]
  4654 | D:6      | Lost mutation: You have very sharp teeth. [potion of
                  | mutation]
  4654 | D:6      | Gained mutation: Your flesh is cold resistant. (rC+)
                  | [potion of mutation]
  4654 | D:6      | Gained mutation: You have an increased reservoir of magic.
                  | (+10% MP) [potion of mutation]
  4654 | D:6      | Gained mutation: You occasionally lose the ability to read
                  | scrolls when taking damage. [potion of mutation]
  4861 | D:7      | Reached * piety under Okawaru
  4959 | D:7      | Reached skill level 10 in Axes
  4959 | D:7      | Reached XP level 9. HP: 80/80 MP: 10/10
  5372 | D:7      | Found a white marble altar of Elyvilon.
  5580 | D:8      | Reached ** piety under Okawaru
  5683 | D:8      | Identified the +2 long sword "Xoystrunu" {flame, +Blink
                  | Str+5 Dex-5}
  6044 | D:8      | Found a shimmering altar of Xom.
  6049 | D:8      | Reached *** piety under Okawaru
  6085 | D:8      | Reached XP level 10. HP: 65/91 MP: 13/13
  6095 | D:8      | Noticed a two-headed ogre
  6106 | D:8      | Killed a two-headed ogre
  6396 | D:8      | Identified the +1 long sword "Blob" {distort, MP+9}
  6648 | D:9      | Found a staircase to the Lair.
  6761 | D:8      | Reached **** piety under Okawaru
  6765 | D:8      | Reached skill level 5 in Invocations
  7123 | D:9      | Found a glowing silver altar of Zin.
  7875 | D:10     | Entered Level 10 of the Dungeon
  7946 | D:10     | Found a transporter.
  7950 | D:10     | Noticed a great orb of eyes
  7952 | D:10     | Noticed Chingon's ghost (journeyman DsMo)
  7966 | D:10     | Found a transporter.
  8005 | D:10     | Noticed an ice statue
  8160 | D:10     | Received a gift from Okawaru
  8161 | D:10     | Reached skill level 10 in Fighting
  8167 | D:10     | Reached skill level 10 in Armour
  8324 | D:10     | Found a shimmering blue altar of Sif Muna.
  8568 | D:10     | Identified the +5 rapier "Killer Klown's Curse" {vamp,
                  | rPois rF+ Int-3}
  9148 | D:11     | Noticed a two-headed ogre
  9162 | D:11     | Killed a two-headed ogre
  9162 | D:11     | Reached ***** piety under Okawaru
  9163 | D:11     | Reached XP level 11. HP: 76/100 MP: 16/16
  9901 | D:11     | Noticed a deep elf pyromancer
  9914 | D:11     | Killed a deep elf pyromancer
 10559 | D:11     | Noticed a five-headed hydra
 10667 | Lair:1   | Entered Level 1 of the Lair of Beasts
 10776 | Lair:1   | Reached skill level 1 in Evocations
 10953 | Lair:1   | Found a glowing silver altar of Zin.
 11300 | Lair:1   | Reached ****** piety under Okawaru
 11301 | Lair:1   | Reached skill level 15 in Axes
 11311 | Lair:1   | Reached XP level 12. HP: 19/110 MP: 18/18
 11311 | Lair:1   | HP: 4/110 [elephant (3)]
 11315 | Lair:1   | Identified the +3 ring mail of Beastly Surprise {Str+5
                  | Int+3 Stlth+} (Okawaru gifted it to you on level 1 of the
                  | Lair of Beasts)
 11315 | Lair:1   | Received a gift from Okawaru
 12108 | Lair:2   | Lost mutation: You have an increased reservoir of magic.
                  | (+10% MP) [potion of mutation]
 12108 | Lair:2   | Lost mutation: Your flesh is cold resistant. (rC+) [potion
                  | of mutation]
 12108 | Lair:2   | Lost mutation: You occasionally lose the ability to read
                  | scrolls when taking damage. [potion of mutation]
 12108 | Lair:2   | Gained mutation: You passively map a small area around you.
                  | [potion of mutation]
 12108 | Lair:2   | Gained mutation: You are occasionally teleported next to
                  | monsters. [potion of mutation]
 12821 | Lair:3   | Noticed Urug
 12840 | Lair:3   | Killed Urug
 13151 | Lair:3   | Found a hole to the Spider Nest.
 13164 | Lair:3   | Reached skill level 5 in Evocations
 13506 | Lair:3   | Identified the +10 arbalest of Drought {heavy, rElec rPois}
 13761 | Lair:3   | Found a staircase to the Shoals.
 14133 | Lair:4   | Found the amulet of Vitality {RegenMP++ Regen++}
 14720 | Lair:4   | Noticed a six-headed hydra
 14729 | Lair:4   | Killed an eight-headed hydra
 14950 | Lair:5   | Entered Level 5 of the Lair of Beasts
 15193 | Lair:5   | Noticed a six-headed hydra
 15289 | Lair:5   | Identified the +3 battleaxe of the Walnut {pain, rF+}
                  | (Okawaru gifted it to you on level 5 of the Lair of Beasts)
 15289 | Lair:5   | Received a gift from Okawaru
 15521 | Lair:5   | Reached XP level 13. HP: 96/118 MP: 18/18
 15814 | Lair:5   | Found a burning altar of Makhleb.
 15842 | Arena    | Entered the Arena
 15884 | Lair:5   | Found a gateway to Hell.
 16241 | Lair:5   | Identified the +1 executioner's axe "Yppin" {flame, rF+
                  | rCorr Dex+3 Stlth-} (Okawaru gifted it to you on level 5 of
                  | the Lair of Beasts)
 16241 | Lair:5   | Received a gift from Okawaru
 16583 | Lair:5   | Found a viscous altar of Jiyva.
 16583 | Lair:5   | Found a staircase to the Slime Pits.
 16905 | D:12     | Noticed Gastronok
 16924 | D:12     | Killed Gastronok
 17280 | D:12     | You fall into a shaft and drop 3 floors!
 17280 | D:15     | Entered Level 15 of the Dungeon
 17301 | D:15     | Found a broken altar of Ashenzari.
 17355 | D:15     | Identified the +1 executioner's axe of Valour {freeze,
                  | *Corrode rC+ Will+} (Okawaru gifted it to you on level 15
                  | of the Dungeon)
 17355 | D:15     | Received a gift from Okawaru
 17378 | D:15     | Reached XP level 14. HP: 58/129 MP: 20/20
 17487 | D:15     | Reached skill level 10 in Invocations
 18043 | D:13     | Found a runed translucent door.
 18044 | D:13     | Noticed Stoves66's ghost (journeyman MiBe)
 18141 | D:12     | Found a staircase to the Orcish Mines.
 18142 | D:12     | Found Byoschias's Jewellery Shop.
 18225 | D:12     | Noticed Erolcha
 18241 | D:12     | Killed Erolcha
 18479 | D:13     | Noticed Sonja
 18488 | D:13     | Identified the +5 kite shield "Imaref" {rF+ rC+} (Okawaru
                  | gifted it to you on level 13 of the Dungeon)
 18488 | D:13     | Received a gift from Okawaru
 18500 | D:13     | Killed Sonja
 18619 | D:13     | Found a gate to the Vaults.
 18678 | D:13     | Reached skill level 5 in Shields
 19537 | D:15     | Noticed Josephine
 19544 | D:15     | Identified the +3 buckler of Untruth {Rampage Int+3 Slay+3
                  | Stlth+} (Okawaru gifted it to you on level 15 of the
                  | Dungeon)
 19544 | D:15     | Received a gift from Okawaru
 19559 | D:15     | Killed Josephine
 19583 | D:15     | Reached skill level 10 in Shields
 19584 | D:15     | Noticed Azrael
 19661 | D:15     | Killed Azrael
 19735 | D:15     | Noticed Louise
 19739 | D:15     | Reached XP level 15. HP: 139/139 MP: 22/22
 19768 | D:15     | Killed Louise
 19793 | D:15     | Found a staircase to the Depths.
 20109 | Orc:1    | Entered Level 1 of the Orcish Mines
 20383 | Orc:2    | Entered Level 2 of the Orcish Mines
 20596 | Orc:2    | Found a staircase to the Elven Halls.
 20732 | Orc:2    | Found Juog's Antique Weapon Boutique.
 20750 | Orc:2    | Bought a broad axe for 92 gold pieces
 21178 | Orc:2    | Found Vealoaje's Assorted Antiques.
 21178 | Orc:2    | Found Arphuwnas's Antique Armour Shop.
 21195 | Orc:2    | Found Epniqah's Assorted Antiques.
 21195 | Orc:2    | Found Aqausmes's Antique Weapon Shop.
 21237 | Orc:2    | Bought a glowing broad axe for 175 gold pieces
 21246 | Orc:2    | Bought a pair of runed boots for 270 gold pieces
 21266 | Orc:2    | Bought a scroll of enchant armour for 270 gold pieces
 21266 | Orc:2    | Bought a transparent platinum amulet for 180 gold pieces
 21266 | Orc:2    | Identified the amulet "Raokeqol" {Acrobat rC+} (You bought
                  | it in a shop on level 2 of the Orcish Mines)
 21324 | Orc:2    | Lost mutation: You passively map a small area around you.
                  | [potion of mutation]
 21324 | Orc:2    | Lost mutation: You are occasionally teleported next to
                  | monsters. [potion of mutation]
 21324 | Orc:2    | Gained mutation: Your body sometimes deteriorates upon
                  | taking damage. [potion of mutation]
 21324 | Orc:2    | Gained mutation: You are partially covered in iridescent
                  | scales. (AC +2) [potion of mutation]
 21324 | Orc:2    | Gained mutation: You are agile. (Dex +4, Str/Int -1)
                  | [potion of mutation]
 21508 | Spider:1 | Entered Level 1 of the Spider Nest
 21646 | D:12     | Bought a ring of poison resistance for 300 gold pieces
 21982 | Spider:1 | Reached skill level 1 in Dodging
 21986 | Spider:1 | Received a gift from Okawaru
 22005 | Spider:1 | Reached skill level 15 in Shields
 22069 | Spider:1 | Noticed an emperor scorpion
 22098 | Spider:1 | Killed an emperor scorpion
 22424 | Spider:1 | Reached skill level 15 in Armour
 22533 | Spider:1 | Reached skill level 15 in Fighting
 23377 | Spider:2 | Reached XP level 16. HP: 128/149 MP: 23/23
 23778 | Spider:2 | Noticed Arachne
 23782 | Spider:2 | Reached skill level 5 in Dodging
 23812 | Spider:2 | Killed Arachne
 23812 | Spider:2 | Received a gift from Okawaru
 24328 | Spider:3 | Noticed Kirke
 24340 | Spider:3 | Killed Kirke
 24340 | Spider:3 | Noticed Mlioglotl
 24362 | Spider:3 | Killed Mlioglotl
 24641 | Spider:3 | Identified the +0 pair of boots of Hadjma {+Blink rPois
                  | Will+ Int+4} (Okawaru gifted it to you on level 3 of the
                  | Spider Nest)
 24641 | Spider:3 | Received a gift from Okawaru
 24776 | Spider:4 | Entered Level 4 of the Spider Nest
 24813 | Spider:4 | Found a runed translucent door.
 24851 | Spider:4 | Noticed Stoves66's ghost (adept MiBe)
 25194 | Spider:4 | Reached XP level 17. HP: 161/161 MP: 24/24
 25500 | Spider:4 | Reached skill level 10 in Dodging
 25560 | Spider:4 | Received a gift from Okawaru
 25589 | Spider:4 | Got a gossamer rune of Zot
 25836 | Shoals:1 | Entered Level 1 of the Shoals
 25980 | Shoals:4 | Entered Level 4 of the Shoals
 26087 | Shoals:4 | Got a barnacled rune of Zot
 26397 | Vaults:1 | Entered Level 1 of the Vaults
 26849 | Vaults:1 | Reached XP level 18. HP: 176/176 MP: 25/25
 26937 | Vaults:2 | Found a flickering gateway to a bazaar.
 26961 | Bazaar   | Entered a bazaar
 26961 | Bazaar   | Found Mobi's Antique Armour Shop.
 26961 | Bazaar   | Found Upuum's Distillery.
 26963 | Bazaar   | Found Fedghurgh's General Store.
 26979 | Bazaar   | Bought a scroll of enchant armour for 105 gold pieces
 26996 | Bazaar   | Bought a potion of curing for 27 gold pieces
 26999 | Bazaar   | Found Xoaddisi's Jewellery Boutique.
 27007 | Bazaar   | Bought a +5 ring of evasion for 468 gold pieces
 27007 | Bazaar   | Found Honiazan's Antique Weapon Boutique.
 27054 | Bazaar   | Bought a potion of heal wounds for 70 gold pieces
 27228 | Vaults:3 | Found Winyb's Weapon Shop.
 27261 | Vaults:3 | Found Enoar's Weapon Emporium.
 27489 | Vaults:4 | Received a gift from Okawaru
 27710 | Vaults:5 | Entered Level 5 of the Vaults
 27784 | Vaults:5 | Identified the +0 pair of boots of Crawling {Will- Regen+
                  | Int+5} (Okawaru gifted it to you on level 5 of the Vaults)
 27784 | Vaults:5 | Received a gift from Okawaru
 27856 | Vaults:5 | Noticed a tentacled monstrosity
 27869 | Vaults:5 | Killed a tentacled monstrosity
 27873 | Vaults:5 | Noticed an ancient lich
 27883 | Vaults:5 | Killed an ancient lich
 27884 | Vaults:5 | Reached XP level 19. HP: 173/190 MP: 26/26
 27915 | Vaults:5 | Noticed a golden dragon
 27916 | Vaults:5 | Identified the +6 great sword of Tunugot {vamp, rElec}
 27920 | Vaults:5 | Identified the ring "Ezegean" {rF+ Int+2 Dex+3}
 27947 | Vaults:5 | Killed a golden dragon
 28017 | Vaults:5 | Identified the ring "Yroati" {rN+ Str+3 Int+3}
 28033 | Vaults:5 | Identified the +4 whip "Gickidaw" {spect, rC+++ MP+9 Str+3
                  | Dex-3}
 28087 | Vaults:5 | Noticed a golden dragon
 28092 | Vaults:5 | Received a gift from Okawaru
 28093 | Vaults:5 | Found the +10 zealot's sword {holy, Zealotry, *Rage rN+
                  | EV+3}
 28114 | Vaults:5 | Killed a golden dragon
 28145 | Vaults:5 | Noticed an ancient lich
 28160 | Vaults:5 | Killed an ancient lich
 28187 | Vaults:5 | Identified the +2 hat "Ruck" {Regen+ Int+5} (Okawaru gifted
                  | it to you on level 5 of the Vaults)
 28187 | Vaults:5 | Received a gift from Okawaru
 28388 | Vaults:5 | Noticed Xtahua
 28401 | Vaults:5 | Killed Xtahua
 28531 | Vaults:5 | Paralysed by a floating eye for 3 turns
 28756 | Vaults:5 | Reached XP level 20. HP: 204/204 MP: 27/27
 28875 | Vaults:5 | Got a silver rune of Zot
 29034 | Vaults:5 | Noticed Sojobo
 29069 | Vaults:5 | Killed Sojobo
 29512 | Depths:1 | Entered Level 1 of the Depths
 29809 | Depths:1 | Identified the +8 executioner's axe "Uhuec" {drain, rF+
                  | Will+} (Okawaru gifted it to you on level 1 of the Depths)
 29809 | Depths:1 | Received a gift from Okawaru
 29894 | Depths:1 | Identified the +2 chain mail "Weod" {rF+ Regen+ Int+2}
 29962 | Depths:1 | Found Ciczue's Antique Weapon Shop.
 29984 | Depths:1 | Found Matar's Antique Weapon Boutique.
 30097 | Depths:1 | Found a one-way gate leading to the halls of Pandemonium.
 30097 | Depths:1 | Found the +0 pair of fencer's gloves {Riposte Dex+3}
 30309 | Depths:2 | Noticed Vv
 30309 | Depths:2 | Found a one-way gateway to a ziggurat.
 30354 | Depths:2 | Killed Vv
 30450 | Depths:3 | Found a one-way gate to the infinite horrors of the Abyss.
 30570 | Depths:4 | Entered Level 4 of the Depths
 30760 | Depths:4 | Received a gift from Okawaru
 30819 | Depths:4 | Found a gate to the Realm of Zot.
 30819 | Depths:4 | Noticed a golden dragon
 30856 | Depths:4 | Killed a golden dragon
 30899 | Zot:1    | Entered Level 1 of the Realm of Zot
 30921 | Zot:1    | Noticed a golden dragon
 30924 | Zot:1    | Reached XP level 21. HP: 217/217 MP: 25/28
 30941 | Zot:1    | Killed a golden dragon
 31202 | Zot:3    | Noticed a golden dragon
 31207 | Zot:3    | Noticed an orb of fire
 31216 | Zot:3    | Gained mutation: You sometimes lose your temper in combat.
                  | [an orb of fire]
 31219 | Zot:3    | Killed a golden dragon
 31236 | Zot:3    | Killed an orb of fire
 31458 | Zot:4    | Received a gift from Okawaru
 31489 | Zot:4    | Lost mutation: Your body sometimes deteriorates upon taking
                  | damage. [potion of mutation]
 31489 | Zot:4    | Lost mutation: You sometimes lose your temper in combat.
                  | [potion of mutation]
 31489 | Zot:4    | Gained mutation: You possess an exceptional clarity of
                  | mind. [potion of mutation]
 31489 | Zot:4    | Gained mutation: You are dopey. (Int -2) [potion of
                  | mutation]
 31575 | Zot:4    | Noticed a curse toe
 31584 | Zot:4    | Received a gift from Okawaru
 31608 | Zot:4    | Killed a curse toe
 31625 | Zot:4    | Noticed an orb of fire
 31627 | Zot:4    | Identified the +7 broad axe of Due Proportion {holy, Fly
                  | rC+ rCorr Str+4} (Okawaru gifted it to you on level 4 of
                  | the Realm of Zot)
 31627 | Zot:4    | Received a gift from Okawaru
 31630 | Zot:4    | Gained mutation: Your spells are a little easier to cast,
                  | but a little less powerful. [an orb of fire]
 31638 | Zot:4    | Gained mutation: You are very dopey. (Int -4) [an orb of
                  | fire]
 31641 | Zot:4    | Killed an orb of fire
 31681 | Zot:5    | Entered Level 5 of the Realm of Zot
 31690 | Zot:5    | Noticed an orb of fire
 31690 | Zot:5    | Noticed an orb of fire
 31690 | Zot:5    | Noticed an orb of fire
 31690 | Zot:5    | Noticed an orb of fire
 31690 | Zot:5    | Noticed a Killer Klown
 31694 | Zot:5    | Got the Orb of Zot
 31727 | Zot:5    | Noticed a Killer Klown
 31863 | Zot:3    | Reached XP level 22. HP: 227/232 MP: 29/29
 31958 | Zot:1    | Reached skill level 27 in Armour
 31963 | Depths:4 | Reached skill level 27 in Fighting
 31990 | Depths:4 | Received a gift from Okawaru
 32336 | D:11     | Noticed a seraph
 32360 | D:11     | Killed a seraph
 32382 | D:11     | Noticed Osarasop the pandemonium lord
 32630 | D:$      | Escaped with the Orb!

Illustrated notes

Levels and vault maps discovered:
D:1:      mushboom_english_gardens, layout_rooms, serial_shops, shop_scrolls
D:2:      minmay_razor_zed, layout_basic, basic_altar
D:3:      layout_basic, mainiacjoe_overflow_24_doors, nzn_wu_jian_contemplation,
          hangedman_decor_riveting, amcnicky_mini_pool_small, hex_intersection,
          kennysheep_small_spiral, uniq_jessica, uniq_grinder, uniq_robin
D:4:      layout_cave_pools, hangedman_ru_absence, serial_demonic,
          serial_demonic_a, serial_demonic_f, serial_demonic_f,
          serial_demonic_f, minmay_tree_intersection, corner_web_ring,
          uniq_duvessa
D:5:      layout_basic, nicolae_kikubaaqudgha_miasma_corner, serial_shops,
          kennysheep_mini_moat, cheibrodos_gnoll_hut
D:6:      layout_basic, minmay_temple_entry_proselytizer, uniq_menkaure
D:7:      layout_gridville, mainiacjoe_overflow_paths, kennysheep_donut,
          chequers_serial_rivers_small_b, minmay_curled_crystal
D:8:      layout_rooms, xom_confusion_cloud
D:9:      layout_roguey, mainiacjoe_overflow_tiny_flanked, david_lair_shrubbed,
          kennysheep_nondescript
D:10:     layout_loops_corners, mainiacjoe_overflow_cross_hatched,
          gammafunk_ghost_arena, minmay_statue_bubble
D:11:     layout_irregular_city, minivault_7
D:12:     layout_basic, orc_0_dummy, serial_shops, nicolae_shop_waterfront,
          lemuel_old_faithful, uniq_gastronok, uniq_erolcha
D:13:     layout_roguey, david_vaults_1, ebering_ghost_inner_flame, uniq_sonja
D:14:     layout_loops_ring
D:15:     gammafunk_enter_depths_forms, layout_rooms,
          cheibrodos_ashenzari_chains, uniq_josephine, uniq_azrael, uniq_louise
Temple:   dpeg_chambers_temple
Lair:1:   layout_long_grid, basic_altar, nicolae_lair_grove_arrangements,
          grunt_forest_small_clearing_treed
Lair:2:   layout_chaotic_city, grunt_megastairs_3
Lair:3:   layout_gridlike, elwin_shoals_entry_rooms,
          nicolae_spider_entry_lesser_pyramids, grunt_megastairs_4, uniq_urug
Lair:4:   layout_cave_pods, st_stairs_4
Lair:5:   evil_forest, layout_loops_ring, slime_entry_1, gauntlet_entry_generic
Shoals:1: layout_shoals
Shoals:2: layout_shoals, serial_shops, nicolae_shop_overgrown_old_shop,
          nicolae_shoals_lost_giant_baths, uniq_ilsuiw
Shoals:3: layout_shoals, uniq_bai_suzhen, uniq_nikola
Shoals:4: shoals_end_grunt_ice, layout_shoals, serial_shops, shop_statue
Spider:1: layout_chambers, nicolae_spider_undead_wolf_pack
Spider:2: layout_spider_delve, uniq_arachne
Spider:3: spiders_nest_a, uniq_kirke, uniq_mlioglotl
Spider:4: guppyfry_spider_rune, gammafunk_ghost_grave,
          nicolae_spider_baby_got_redback
Orc:1:    layout_caves, nicolae_orc_lava_room
Orc:2:    grunt_orc_tribal_feast, layout_caves, serial_shops, shop
Vaults:1: v_misc_3, nicolae_vaults_windows_and_doors_thing, v_alt_pattern_3,
          st_spiral_rooms, vaults_room_semicircle, nicolae_vaults_specimen_jars,
          v_pattern_1, layout_vaults_quadrants
Vaults:2: nicolae_vaults_minivaults, ontoclasm_vaults_twist,
          nicolae_vaults_little_squares_1, v_pattern_4, vaults_dpeg_doors,
          grunt_vaults_diagonal, v_rooms_3, vaults_room_door_hall,
          ontoclasm_vaults_fault, vaults_room_corners, v_misc_2,
          vaults_dpeg_emergency_exit, v_misc_11, layout_vaults_big_room,
          serial_shops, bzr_entry_islet, uniq_donald, uniq_asterion, uniq_zenata
Vaults:3: minmay_crypt_entry_skeletal_spiral,
          vaults_standard_mumra_enter_the_diamond, serial_ice_m,
          vaults_room_semicircle, hangedman_vaults_pinch,
          hangedman_vaults_impose, ontoclasm_vaults_claustrophobia, v_misc_24,
          v_alt_pattern_4, v_misc_26, nicolae_vaults_big_angled_halls,
          nicolae_vaults_ring_of_whatevers, layout_vaults_omnibox, serial_shops,
          nicolae_shop_trees, nicolae_shop_advertising_works
          [nicolae_subvault_shop_adworks], nicolae_shop_bloodbath_and_beyond,
          shop
Vaults:4: nicolae_vaults_what_the_h, nicolae_vaults_border_crossing, v_misc_10,
          hangedman_vaults_nodes, vaults_standard_mumra_x,
          nicolae_vaults_alarming, vaults_room_mumra_shop_pool,
          layout_vaults_omnicross
Vaults:5: serial_shops, uniq_sojobo, uniq_xtahua
Depths:1: layout_honeycomb, rand_demon_pan_entry_8, serial_bayou_lagoon_a,
          hell_entry, slow_altar_2, firewood_loft, minmay_shoptagon
Depths:2: minmay_octagon_keep, layout_cross, enter_ziggurat_b, pan_entry,
          hell_entry, infiniplex_staircase_9_rooms, uniq_enchantress, uniq_vv
Depths:3: minmay_chopped_fan, layout_cave_pools, abyss_entry_glasseish,
          elyvilon_altar_4, grunt_hell_entry_dis_mu,
          infiniplex_staircase_spiral_double
Depths:4: lemuel_castle_with_subvaults [lemuel_castle_interior_original],
          layout_gridville, hell_entry, serial_shops,
          nicolae_shop_temple_entry_statues_fountains
Zot:1:    layout_misc_corridors, hellmonk_ghost_big_iron, uniq_tiamat
Zot:2:    kennysheep_spiral_hall, layout_gridville, lemuel_lich_library
Zot:3:    layout_misc_corridors
Zot:4:    grunt_zot_stairs_mandelzot, layout_gridlike, hangedman_swamp_dais
Zot:5:    layout_misc_corridors

Skill      XL: |  1  2  3  4  5  6  7  8  9 10 11 12 13 14 15 16 17 18 19 20 21 22 |
---------------+-------------------------------------------------------------------+-----
Axes           | 3 4 6 8 10 11 13 15 16 18 | 18.0
Armour         | 4 5 6 7 9 10 11 12 13 14 15 17 19 21 23 25 26 27 | 27.0
Fighting       | 4 5 6 7 9 10 11 12 13 14 15 17 19 21 23 25 26 27 | 27.0
Invocations    | 2 4 5 7 8 9 10 11 12 | 12.6
Evocations     | 3 6 |  6.0
Shields        | 11 15 | 15.0
Dodging        | 4 9 11 | 11.0

Action                     |  1- 3 |  4- 6 |  7- 9 | 10-12 | 13-15 | 16-18 | 19-21 | 22-24 || total
---------------------------+-------+-------+-------+-------+-------+-------+-------+-------++-------
  Melee: War axe           |    76 |   122 |   182 |   596 |   972 |       |       |       ||  1948
         Headbutt          |     6 |    16 |    34 |   133 |   301 |   350 |   462 |    48 ||  1350
         Broad axe         |       |       |       |       |   252 |  1206 |  1346 |   133 ||  2937
 Invoke: Heroism           |       |       |       |     4 |    21 |    17 |    18 |     6 ||    66
         Finesse           |       |       |       |       |     9 |     6 |     9 |     2 ||    26
         Duel              |       |       |       |       |     1 |       |       |       ||     1
  Evoke: Wand              |       |       |       |     5 |    10 |     1 |     2 |     1 ||    19
    Use: Scroll            |       |       |    10 |    16 |     9 |     3 |    15 |     3 ||    56
         Potion            |       |       |     6 |     6 |     7 |     2 |     5 |     1 ||    27
   Stab: Held in net/web   |       |       |       |       |       |     2 |       |       ||     2
         Confused          |       |       |       |       |       |       |     3 |       ||     3
 Armour: Scale mail        |    41 |    18 |       |       |       |       |       |       ||    59
         Chain mail        |       |    73 |   108 |   254 |       |       |       |       ||   435
         Plate armour      |       |       |       |   155 |   801 |   584 |    11 |       ||  1551
         Gold dragon scale |       |       |       |       |       |       |   672 |    81 ||   753
  Dodge: Dodged            |    46 |    51 |    60 |   206 |   333 |   470 |   649 |    69 ||  1884
         Repelled          |       |     1 |     2 |       |       |       |       |       ||     3
  Block: Buckler           |    14 |    39 |    84 |   324 |   163 |       |       |       ||   624
         Reflection        |       |       |       |     5 |       |       |       |       ||     5
         Kite shield       |       |       |       |       |   658 |  1228 |  1186 |   130 ||  3202

Table legend: (Time is in decaauts)
 A = Elapsed time spent in this place.
 B = Non-inter-level travel time spent in this place.
 C = Inter-level travel time spent in this place.
 D = Time resting spent in this place.
 E = Time spent auto-exploring this place.
 F = Levels seen in this place.
 G = Mean time per level.
                   A        B        C        D        E       F      G
               +--------+--------+--------+--------+--------+-----+--------+
         Total |  31450 |  28513 |   2937 |   3282 |  17940 |  47 |  669.1 |
       Dungeon |  14513 |  13044 |   1469 |   2006 |   8467 |  15 |  967.5 |
        Temple |    245 |    206 |     39 |      0 |    192 |   1 |  245.0 |
          Lair |   6238 |   5723 |    515 |    985 |   3862 |   5 | 1247.6 |
        Shoals |    348 |    243 |    105 |      0 |     76 |   4 |   87.0 |
   Spider Nest |   3780 |   3640 |    140 |     99 |   2352 |   4 |  945.0 |
  Orcish Mines |   1191 |   1139 |     52 |     61 |    832 |   2 |  595.5 |
        Vaults |   2642 |   2380 |    262 |      0 |   1385 |   5 |  528.4 |
        Depths |   1491 |   1362 |    129 |     30 |    701 |   4 |  372.8 |
           Zot |    867 |    643 |    224 |     81 |      0 |   5 |  173.4 |
        Bazaar |    106 |    106 |      0 |      0 |     70 |   1 |  106.0 |
         Arena |     26 |     26 |      0 |     19 |      0 |   1 |   26.0 |
               +--------+--------+--------+--------+--------+-----+--------+

Top non-repeatable levels by time:
    D:11: 1559 daAuts
  Lair:5: 1530 daAuts
    D:10: 1529 daAuts
Vaults:5: 1373 daAuts
Spider:1: 1300 daAuts
     D:9: 1300 daAuts
  Lair:3: 1280 daAuts
  Lair:1: 1184 daAuts
  Lair:2: 1171 daAuts
     D:8: 1154 daAuts
  Lair:4: 1071 daAuts
     D:7: 1047 daAuts
     D:6: 1016 daAuts
     D:3: 955 daAuts
    D:13: 944 daAuts
